SNL (28 & UNDER)
SALEM SILVER SOULS @ GAINESVILLE GUIDOS
09/15/2027
 
TOP OF THE 1ST
Salem Silver Souls batting - Pitching for Gainesville Guidos : RHP Rodney Hall
Pitching: RHP Rodney Hall
Batting: LHB Joel Nelson 0-0: Called Strike
0-1: Called Strike
0-2: Strikes out swinging
Batting: LHB Hamilton Hughes 0-0: Called Strike
0-1: Foul Ball, location: 2F
0-2: Ball
1-2: Strikes out swinging
Batting: LHB Chance Santry 0-0: Ball
1-0: Ball
2-0: Ball
3-0: Called Strike
3-1: Foul Ball, location: 2F
3-2: Foul Ball, location: 2F
3-2: Base on Balls
Batting: LHB Nick Scott 0-0: Ball
1-0: Ball
2-0: SINGLE (Groundball, 4MD)
Chance Santry to second
Batting: RHB Gustavo Pagán 0-0: Foul Ball, location: 2F
0-1: Ball
1-1: Ball
2-1: Foul Ball, location: 2F
2-2: Ball
3-2: Base on Balls
Chance Santry to third
Nick Scott to second
Batting: SHB Tony Yan 0-0: Called Strike
0-1: Ball
1-1: Swinging Strike
1-2: Strikes out swinging
Top of the 1st over - 0 run(s), 1 hit(s), 0 error(s), 3 left on base; Salem 0 - Gainesville 0
BOTTOM OF THE 1ST
Gainesville Guidos batting - Pitching for Salem Silver Souls : RHP Pat Wyatt
Pitching: RHP Pat Wyatt
Batting: LHB Eddy Jefferson 0-0: Called Strike
0-1: Fly out, F4 (Line Drive, 4)
Batting: RHB Doug Coleman 0-0: Called Strike
0-1: Ball
1-1: Called Strike
1-2: Strikes out swinging
Batting: RHB Lynn Ford 0-0: Swinging Strike
0-1: Ball
1-1: Ball
2-1: Called Strike
2-2: Foul Ball, location: 2F
2-2: Fly out, F6 (Line Drive, 6)
Bottom of the 1st over - 0 run(s), 0 hit(s), 0 error(s), 0 left on base; Salem 0 - Gainesville 0
TOP OF THE 2ND
Salem Silver Souls batting - Pitching for Gainesville Guidos : RHP Rodney Hall
Batting: RHB Augusto Baiano 0-0: Foul Ball, location: 2F
0-1: Foul Ball, location: 2F
0-2: Strikes out looking
Batting: SHB Francis Shaffer 0-0: Ball
1-0: Ball
2-0: Ball
3-0: Called Strike
3-1: Base on Balls
Batting: RHB Jack Snyder 0-0: Called Strike
0-1: Ball
1-1: Ground out 6-3 (Groundball, 6S)
Francis Shaffer to second
Batting: LHB Joel Nelson 0-0: Ball
1-0: Foul Ball, location: 2F
1-1: Foul Ball, location: 2F
1-2: SINGLE (Flyball, 78S) - OUT at second base trying to stretch hit.
Francis Shaffer scores
Top of the 2nd over - 1 run(s), 1 hit(s), 0 error(s), 0 left on base; Salem 1 - Gainesville 0
BOTTOM OF THE 2ND
Gainesville Guidos batting - Pitching for Salem Silver Souls : RHP Pat Wyatt
Batting: RHB Kyle O'Day 0-0: Ball
1-0: Foul Ball, location: 2F
1-1: Foul Ball, location: 2F
1-2: Ball
2-2: Strikes out swinging
Batting: LHB Pedro Juárez 0-0: Called Strike
0-1: Ball
1-1: Foul Ball, location: 2F
1-2: Strikes out looking
Batting: RHB Juan Reyes 0-0: Ball
1-0: Called Strike
1-1: Ball
2-1: Ball
3-1: Base on Balls
Batting: LHB Scott Young 0-0: Ball
1-0: Ball
2-0: Swinging Strike
2-1: Swinging Strike
2-2: Foul Ball, location: 2F
2-2: Ball
3-2: Foul Ball, location: 2F
3-2: Strikes out looking
Bottom of the 2nd over - 0 run(s), 0 hit(s), 0 error(s), 1 left on base; Salem 1 - Gainesville 0
TOP OF THE 3RD
Salem Silver Souls batting - Pitching for Gainesville Guidos : RHP Rodney Hall
Batting: LHB Hamilton Hughes 0-0: Called Strike
0-1: Ball
1-1: Swinging Strike
1-2: Ball
2-2: Strikes out swinging
Batting: LHB Chance Santry 0-0: Foul Ball, location: 2F
0-1: Called Strike
0-2: Strikes out swinging
Batting: LHB Nick Scott 0-0: Ball
1-0: Ball
2-0: Ball
3-0: Called Strike
3-1: Base on Balls
Batting: RHB Gustavo Pagán 0-0: Ball
Nick Scott steals 2nd base
1-0: Ground out 6-3 (Groundball, 6)
Top of the 3rd over - 0 run(s), 0 hit(s), 0 error(s), 1 left on base; Salem 1 - Gainesville 0
BOTTOM OF THE 3RD
Gainesville Guidos batting - Pitching for Salem Silver Souls : RHP Pat Wyatt
Batting: RHB Greg Lee 0-0: Called Strike
0-1: Foul Ball, location: 2F
0-2: Ball
1-2: Fly out, F8 (Flyball, 8LM)
Batting: RHB Iván Moreno 0-0: Foul Ball, location: 2F
0-1: Ball
1-1: Swinging Strike
1-2: Ground out 6-3 (Groundball, 6S)
Batting: LHB Eddy Jefferson 0-0: Ball
1-0: Ball
2-0: Called Strike
2-1: Ball
3-1: Base on Balls
Batting: RHB Doug Coleman 0-0: Called Strike
0-1: Ball
1-1: Fielders Choice at 2nd, 5-4 (Groundball, 5)
Bottom of the 3rd over - 0 run(s), 0 hit(s), 0 error(s), 0 left on base; Salem 1 - Gainesville 0
TOP OF THE 4TH
Salem Silver Souls batting - Pitching for Gainesville Guidos : RHP Rodney Hall
Batting: SHB Tony Yan 0-0: Called Strike
0-1: Foul Ball, location: 2F
0-2: Ball
1-2: Ground out 3-1 (Groundball, 2R)
Batting: RHB Augusto Baiano 0-0: Swinging Strike
0-1: Called Strike
0-2: Fly out, F7 (Flyball, 78M)
Batting: SHB Francis Shaffer 0-0: Foul Ball, location: 2F
0-1: Swinging Strike
0-2: Strikes out swinging
Top of the 4th over - 0 run(s), 0 hit(s), 0 error(s), 0 left on base; Salem 1 - Gainesville 0
BOTTOM OF THE 4TH
Gainesville Guidos batting - Pitching for Salem Silver Souls : RHP Pat Wyatt
Batting: RHB Lynn Ford 0-0: Ball
1-0: Ball
2-0: Swinging Strike
2-1: Ground out 6-3 (Groundball, 6)
Batting: RHB Kyle O'Day 0-0: Foul Ball, location: 2F
0-1: Fly out, F8 (Flyball, 8LD)
Batting: LHB Pedro Juárez 0-0: Foul Ball, location: 2F
0-1: Foul Ball, location: 2F
0-2: Ball
1-2: Foul Ball, location: 2F
1-2: Strikes out swinging
Bottom of the 4th over - 0 run(s), 0 hit(s), 0 error(s), 0 left on base; Salem 1 - Gainesville 0
TOP OF THE 5TH
Salem Silver Souls batting - Pitching for Gainesville Guidos : RHP Rodney Hall
Batting: RHB Jack Snyder 0-0: Ball
1-0: Ball
2-0: Ball
3-0: Called Strike
3-1: Base on Balls
Batting: LHB Joel Nelson 0-0: Foul Ball, location: 2F
0-1: Ball
1-1: Foul Ball, location: 2F
1-2: Ball
2-2: Foul Ball, location: 2F
2-2: Strikes out swinging
Batting: LHB Hamilton Hughes 0-0: Ball
1-0: Called Strike
1-1: Ball
2-1: Ball
3-1: Fly out, F8 (Flyball, 8LD)
Batting: LHB Chance Santry 0-0: Called Strike
0-1: Foul Ball, location: 2F
0-2: Ball
1-2: Ground out 3-1 (Groundball, 34)
Top of the 5th over - 0 run(s), 0 hit(s), 0 error(s), 1 left on base; Salem 1 - Gainesville 0
BOTTOM OF THE 5TH
Gainesville Guidos batting - Pitching for Salem Silver Souls : RHP Pat Wyatt
Batting: RHB Juan Reyes 0-0: Fly out, F4 (Popup, 4)
Batting: LHB Scott Young 0-0: Ball
1-0: Ball
2-0: Ball
3-0: Called Strike
3-1: Base on Balls
Batting: RHB Greg Lee 0-0: Ball
1-0: SINGLE (Groundball, 4MD)
Scott Young to second
Pitching: RHP Fernando Gutiérrez
Batting: RHB Iván Moreno 0-0: Ball
1-0: Swinging Strike
1-1: Ball
2-1: Swinging Strike
2-2: Ball
3-2: Base on Balls
Scott Young to third
Greg Lee to second
Batting: LHB Eddy Jefferson 0-0: Foul Ball, location: 2F
0-1: Ball
1-1: Ball
2-1: Ball
Passed Ball!
Scott Young scores
Greg Lee to third
Iván Moreno to second
3-1: Intentional Walk
Batting: RHB Doug Coleman 0-0: Called Strike
0-1: Ball
1-1: Swinging Strike
1-2: Ball
2-2: Strikes out swinging
Batting: RHB Lynn Ford 0-0: Called Strike
0-1: Ball
1-1: Fly out, F8 (Line Drive, 89M)
Bottom of the 5th over - 1 run(s), 1 hit(s), 0 error(s), 3 left on base; Salem 1 - Gainesville 1
TOP OF THE 6TH
Salem Silver Souls batting - Pitching for Gainesville Guidos : RHP Rodney Hall
Batting: LHB Nick Scott 0-0: Ball
1-0: Foul Ball, location: 2F
1-1: SINGLE (Groundball, 56D)
Batting: RHB Gustavo Pagán 0-0: Called Strike
0-1: Called Strike
0-2: Strikes out looking
Batting: SHB Tony Yan Pickoff Throw to First - Error! E1
Nick Scott to second
0-0: Intentional Walk
Pitching: RHP Juan Mora
Batting: RHB Augusto Baiano 0-0: Foul Ball, location: 2F
0-1: Ball
1-1: Called Strike
Nick Scott steals 3rd base
Tony Yan to second
1-2: Fly out, F7 (Flyball, 7LMF)
Runner from 3rd tags up, SCORES, no throw
Batting: SHB Francis Shaffer 0-0: Ball
1-0: Swinging Strike
1-1: Foul Ball, location: 2F
1-2: Ball
2-2: Ball
3-2: Single, Error in OF, E7, batter to second base
Tony Yan scores
Batting: RHB Jack Snyder 0-0: Ball
1-0: Ball
2-0: Foul Ball, location: 2F
2-1: Ball
3-1: SINGLE (Flyball, 78S)
Francis Shaffer to third
Runner from 3rd tries for Home, SAFE, no throw
Batting: LHB Joel Nelson 0-0: Called Strike
0-1: Fly out, F8 (Flyball, 8LD)
Top of the 6th over - 3 run(s), 3 hit(s), 2 error(s), 1 left on base; Salem 4 - Gainesville 1
BOTTOM OF THE 6TH
Gainesville Guidos batting - Pitching for Salem Silver Souls : RHP Fernando Gutiérrez
Batting: RHB Kyle O'Day 0-0: Called Strike
0-1: Fly out, F9 (Flyball, 9LS)
Batting: LHB Pedro Juárez 0-0: Called Strike
0-1: Fly out, F7 (Flyball, 7S)
Batting: RHB Juan Reyes 0-0: Ball
1-0: Ball
2-0: Swinging Strike
2-1: Ball
3-1: Base on Balls
Batting: LHB Scott Young 0-0: Called Strike
0-1: Ball
1-1: Ground out 5-3 (Groundball, 56S)
Bottom of the 6th over - 0 run(s), 0 hit(s), 0 error(s), 1 left on base; Salem 4 - Gainesville 1
TOP OF THE 7TH
Salem Silver Souls batting - Pitching for Gainesville Guidos : RHP Juan Mora
Batting: LHB Hamilton Hughes 0-0: Swinging Strike
0-1: Foul Ball, location: 2F
0-2: Ball
1-2: SOLO HOME RUN (Flyball, 9LD), Distance : 331 ft
Batting: LHB Chance Santry 0-0: Ball
1-0: Called Strike
1-1: Ball
2-1: Reached on error, E3 (Groundball, 3)
Batting: LHB Nick Scott 0-0: Called Strike
0-1: Called Strike
0-2: Strikes out swinging
Batting: RHB Gustavo Pagán 0-0: Ball
1-0: Called Strike
1-1: Foul Ball, location: 2F
1-2: Fly out, F7 (Line Drive, 7S)
Batting: SHB Tony Yan 0-0: Fly out, F4 (Popup, 4D)
Top of the 7th over - 1 run(s), 1 hit(s), 1 error(s), 1 left on base; Salem 5 - Gainesville 1
BOTTOM OF THE 7TH
Gainesville Guidos batting - Pitching for Salem Silver Souls : RHP Fernando Gutiérrez
Batting: RHB Greg Lee 0-0: Ball
1-0: Ground out 5-3 (Groundball, 5S)
Batting: RHB Iván Moreno 0-0: Ball
1-0: Foul Ball, location: 2F
1-1: Ball
2-1: SINGLE (Line Drive, 4M)
Batting: LHB Eddy Jefferson 0-0: Ball
1-0: Called Strike
1-1: Called Strike
1-2: Fly out, F7 (Flyball, 7)
Batting: RHB Doug Coleman 0-0: Ball
1-0: Called Strike
1-1: Called Strike
1-2: Ball
2-2: Strikes out looking
Bottom of the 7th over - 0 run(s), 1 hit(s), 0 error(s), 1 left on base; Salem 5 - Gainesville 1
TOP OF THE 8TH
Salem Silver Souls batting - Pitching for Gainesville Guidos : RHP Juan Mora
Batting: RHB Augusto Baiano 0-0: Called Strike
0-1: Ball
1-1: Ball
2-1: Ball
3-1: DOUBLE (Line Drive, 8LM)
Batting: SHB Francis Shaffer 0-0: Called Strike
0-1: Called Strike
0-2: Fly out, F8 (Line Drive, 8LM)
Batting: RHB Jack Snyder 0-0: Called Strike
0-1: Called Strike
0-2: Strikes out swinging, 2-3 out at first.
Pitching: RHP Salvador De Jesús
Batting: LHB Joel Nelson 0-0: Called Strike
0-1: Called Strike
0-2: Ball
1-2: Fly out, F3 (Popup, 3L)
Top of the 8th over - 0 run(s), 1 hit(s), 0 error(s), 1 left on base; Salem 5 - Gainesville 1
BOTTOM OF THE 8TH
Gainesville Guidos batting - Pitching for Salem Silver Souls : RHP Fernando Gutiérrez
Pitching: RHP Mario Navarro
Batting: RHB Lynn Ford 0-0: Called Strike
0-1: Ball
1-1: Swinging Strike
1-2: Ball
2-2: Foul Ball, location: 2F
2-2: Strikes out swinging
Batting: RHB Kyle O'Day 0-0: Called Strike
0-1: Called Strike
0-2: Ball
1-2: Ball
2-2: Ground out 6-3 (Groundball, 6)
Batting: LHB Pedro Juárez 0-0: Foul Ball, location: 2F
0-1: Ball
1-1: Swinging Strike
1-2: Strikes out looking
Bottom of the 8th over - 0 run(s), 0 hit(s), 0 error(s), 0 left on base; Salem 5 - Gainesville 1
TOP OF THE 9TH
Salem Silver Souls batting - Pitching for Gainesville Guidos : RHP Salvador De Jesús
Batting: LHB Hamilton Hughes 0-0: Ground out 3-1 (Groundball, 34S)
Batting: LHB Chance Santry 0-0: Fly out, F7 (Flyball, 78M)
Batting: LHB Nick Scott 0-0: Ball
1-0: Called Strike
1-1: Foul Ball, location: 2F
1-2: Ground out 4-3 (Groundball, 4)
Top of the 9th over - 0 run(s), 0 hit(s), 0 error(s), 0 left on base; Salem 5 - Gainesville 1
BOTTOM OF THE 9TH
Gainesville Guidos batting - Pitching for Salem Silver Souls : RHP Mario Navarro
Batting: RHB Juan Reyes 0-0: Swinging Strike
0-1: Ball
1-1: Ball
2-1: Foul Ball, location: 2F
2-2: Ball
3-2: Foul Ball, location: 2F
3-2: Foul Ball, location: 2F
3-2: SOLO HOME RUN (Flyball, 7LD), Distance : 337 ft
Pitching: RHP Jeff Hansen
Batting: LHB Scott Young 0-0: Ball
1-0: Ground out 4-3 (Groundball, 4)
Batting: RHB Greg Lee 0-0: Swinging Strike
0-1: Swinging Strike
0-2: Ball
1-2: Ball
2-2: Foul Ball, location: 2F
2-2: Strikes out swinging
Batting: RHB Iván Moreno 0-0: SINGLE (Flyball, 8RS)
Batting: LHB Eddy Jefferson 0-0: Called Strike
0-1: Ball
1-1: Ball
Wild Pitch!
Iván Moreno to second
2-1: Ball
3-1: Base on Balls
Pinch Hitting: LHB Mark Owens 0-0: Foul Ball, location: 2F
0-1: Ball
1-1: Ball
2-1: Ball
3-1: SINGLE (Groundball, 56D)
Iván Moreno to third
Eddy Jefferson to second
Runner from 3rd tries for Home, SAFE, no throw
Pinch Hitting: RHB Alfredo Díaz 0-0: Called Strike
0-1: Called Strike
0-2: Ball
1-2: Ball
2-2: Ball
3-2: SINGLE (Line Drive, 6D)
Eddy Jefferson to third
Mark Owens to second
Eddy Jefferson scores
Mark Owens to third
Batting: RHB Kyle O'Day 0-0: Ball
1-0: Foul Ball, location: 2F
1-1: Fielders Choice at 2nd, 4-6 (Groundball, 4)
Bottom of the 9th over - 3 run(s), 4 hit(s), 0 error(s), 1 left on base; Salem 5 - Gainesville 4
Thursday, March 30th, 2017 - OOTP Baseball 17.12 Build 75